 Dungeon Crawl Stone Soup version 0.30-a0-867-g305f33218d (webtiles) character file.

Game seed: 245779331089783447

660 bmack86 the Chopper (level 7, -1/61 HPs)
             Began as a Minotaur Fighter on Mar 11, 2023.
             Succumbed to an orc wizard's poison
             ... on level 4 of the Dungeon.
             The game lasted 00:10:18 (2974 turns).

bmack86 the Chopper (Minotaur Fighter)              Turns: 2974, Time: 00:10:19

Health: -1/61      AC: 12    Str: 23    XL:     7   Next: 30%
Magic:  6/6        EV:  7    Int:  5    God:
Gold:   204        SH:  5    Dex:  9    Spells: 6/6 levels left

rFire   . . .      SeeInvis .    a - +0 war axe
rCold   . . .      Faith    .    c - +0 buckler
rNeg    . . .      Spirit   .    u - +0 chain mail
rPois   .          Reflect  .    (helmet restricted)
rElec   .          Rampage  .    (no cloak)
rCorr   .                        h - +1 pair of gloves
Will    .....                    (no boots) Stlth
                                 (no amulet)
HPRegen 0.30/turn                (no ring)
MPRegen 0.10/turn                (no ring)

@: lethally poisoned (-1 -> -17)
A: horns 2, retaliatory headbutt
a: no special abilities


You were on level 4 of the Dungeon.
You visited 1 branch of the dungeon, and saw 4 of its levels.

You collected 204 gold pieces.

Inventory:

Hand Weapons
 a - a +0 war axe (weapon)
 q - a +0 war axe
Missiles
 e - 9 poisoned darts (quivered)
 o - 6 silver javelins
 p - a throwing net
 r - 6 boomerangs
Armour
 b - a +0 scale mail
 c - a +0 buckler (worn)
 h - a +1 pair of gloves (worn)
 k - a scarf of shadows
 u - a +0 chain mail (worn)
Wands
 v - a wand of mindburst (16)
Scrolls
 m - a scroll of summoning
 s - a scroll of identify
 t - a scroll of blinking {unknown}
Potions
 d - 2 potions of might
 f - a potion of attraction
 g - a potion of invisibility {unknown}
 i - a potion of heal wounds
 j - a potion of curing {unknown}
 l - a potion of flight {unknown}
 n - a potion of berserk rage {unknown}
 w - a potion of lignification {unknown}
 x - a potion of ambrosia {unknown}


   Skills:
 + Level 5.2 Fighting
 * Level 6.0 Axes
 + Level 2.9 Throwing
 + Level 5.2 Armour
 + Level 5.4 Shields


You had 6 spell levels left.
You didn't know any spells.
Your spell library contained the following spells:

 Spells                   Type           Power      Damage    Failure   Level
 Slow                     Hex            0%         N/A       99%         1
 Confusing Touch          Hex            0%         N/A       100%        3
 Gell's Gravitas          Tloc           0%         N/A       100%        3
 Teleport Other           Tloc           0%         N/A       100%        3
 Vampiric Draining        Necr           0%         2d6       100%        3
 Dispersal                Tloc           0%         N/A       100%        6
 Borgnjor's Revivificati  Necr           0%         N/A       100%        8
 Necromutation            Tmut/Necr      0%         N/A       100%        8
 Death's Door             Necr           0%         N/A       100%        9


Dungeon Overview and Level Annotations

Branches:
Dungeon (4/15)
 Temple: D:4-7

Altars:
Uskayaw

Shops:
D:2 (


Innate Abilities, Weirdness & Mutations

You have a pair of horns on your head.
You reflexively headbutt those who attack you in melee.


Message History

You kill the orc!
You miss the iguana. You completely miss something.
You feel sick. The iguana bites you. Something hits you but does no damage.
Something hits you.
You are more poisoned.
The orc hits you but does no damage. The iguana bites you.
The iguana attacks as you move away!
The iguana bites you but does no damage.
The orc attacks as you move away! The orc barely misses you.
You feel very sick.
You hear some strange, mumbled words.
Something tries to affect you, but you resist.
You bump into the rock wall.
You feel very sick.
The iguana bites you but does no damage.
Something hits you but does no damage.
You are more poisoned.
You hit something. Your headbutt misses something. You barely miss the iguana.
You feel less confused.
You feel very sick. The iguana barely misses you.
Something hits you but does no damage.
You are more poisoned.
You closely miss something. You closely miss the orc. You hit the iguana.
* * * LOW HITPOINT WARNING * * *
You feel very sick. The iguana bites you!
* * * LOW HITPOINT WARNING * * *
You block the orc's attack. Something hits you but does no damage.
You hit something. You closely miss the orc.
You hit the iguana but do no damage.
* * * LOW HITPOINT WARNING * * *
You feel very sick. The iguana bites you.
* * * LOW HITPOINT WARNING * * *
You block the orc's attack. Something hits you.
* * * LOW HITPOINT WARNING * * *
You are more poisoned.
You closely miss something. You hit the orc but do no damage.
You hit the iguana but do no damage.
You die...

..#.##....<....##.......#
.........#.....##.......#
.....#..##.....###.....##
........##.....###.....##
.#..##..#......##.......#
##..##.........##.......#
........#.....##.......#
.....#####.....o##.....##
..>.. ##(...g{@.....##
###... .......l##....#
#......)#####..#
....###.. ..# ... ....
..# .. ..... .# .......
......#. ..........


You could see an iguana, an orc and a hobgoblin.

Vanquished Creatures
  3 ogres (D:4)
  A bullfrog (D:3)
  The ghost of tgirl the Sneak, a weakling OpMo (D:3)
  A sleepcap (D:4)
  Natasha (D:3)
  3 iguanas (D:4)
  An orc wizard (D:3)
  4 adders
  A river rat (D:3)
  4 worms
  12 orcs
  2 bats
  7 endoplasms
  5 giant cockroaches
  11 goblins
  7 hobgoblins
  4 quokkas
  10 ball pythons
  4 frilled lizards
  10 kobolds
  11 rats
103 creatures vanquished.

Notes
Turn   | Place    | Note
-------+----------+-------------------------------------------
     0 | D:1      | bmack86 the Minotaur Fighter began the quest for the Orb.
     0 | D:1      | Reached XP level 1. HP: 19/19 MP: 0/0
   149 | D:1      | Reached XP level 2. HP: 21/27 MP: 1/1
   242 | D:1      | Reached skill level 3 in Axes
   479 | D:1      | Reached XP level 3. HP: 33/33 MP: 2/2
   720 | D:2      | Found Diceirr's Weapon Shop.
   898 | D:2      | Found a hide-covered altar of Uskayaw.
   984 | D:2      | Reached skill level 1 in Throwing
  1057 | D:2      | Reached XP level 4. HP: 36/40 MP: 3/3
  1613 | D:3      | Reached skill level 4 in Axes
  1662 | D:3      | Found a runed translucent door.
  1664 | D:3      | Noticed a bullfrog
  1665 | D:3      | Noticed tgirl's ghost (weakling OpMo)
  1677 | D:3      | Killed a bullfrog
  1678 | D:3      | Reached XP level 5. HP: 39/47 MP: 4/4
  1691 | D:3      | Killed tgirl's ghost
  1696 | D:3      | Found a runed translucent door.
  1801 | D:3      | Noticed Natasha
  1812 | D:3      | Killed Natasha
  1813 | D:3      | Reached XP level 6. HP: 39/53 MP: 5/5
  2351 | D:4      | Reached skill level 5 in Axes
  2351 | D:4      | Reached skill level 5 in Shields
  2495 | D:4      | Reached skill level 5 in Fighting
  2495 | D:4      | Reached skill level 5 in Armour
  2574 | D:4      | Reached XP level 7. HP: 48/61 MP: 6/6
  2809 | D:4      | HP: 3/61 [poisoned by a goblin]
  2810 | D:4      | Reached skill level 6 in Axes
  2974 | D:4      | Succumbed to an orc wizard's poison

Illustrated notes

Levels and vault maps discovered:
D:1:      dpeg_arrival_pond, layout_basic
D:2:      layout_loops_ring, basic_altar, serial_shops, shop_fountains
D:3:      layout_loops_ring, ebering_ghost_sewer_f, hangedman_glass_teeth,
          reono_crystal_passage, hex_tiny, uniq_natasha
D:4:      layout_rooms

Skill      XL: |  1  2  3  4  5  6  7 |
---------------+----------------------+-----
Axes           | 3 4 5 6 |  6.0
Shields        | 4 5 |  5.4
Armour         | 4 5 |  5.2
Fighting       | 4 5 |  5.2
Throwing       | 1 2 |  2.9

Action                     |  1- 3 |  4- 6 |  7- 9 || total
---------------------------+-------+-------+-------++-------
  Melee: War axe           |    77 |    99 |    30 ||   206
         Headbutt          |    10 |    11 |     3 ||    24
  Throw: Dart              |    16 |    25 |     5 ||    46
    Use: Scroll            |     2 |     5 |       ||     7
         Potion            |       |       |     1 ||     1
 Armour: Scale mail        |    35 |    60 |     4 ||    99
         Chain mail        |       |       |    16 ||    16
  Dodge: Dodged            |    34 |    44 |    10 ||    88
  Block: Buckler           |    23 |    21 |     5 ||    49

Table legend: (Time is in decaauts)
 A = Elapsed time spent in this place.
 B = Non-inter-level travel time spent in this place.
 C = Inter-level travel time spent in this place.
 D = Time resting spent in this place.
 E = Time spent auto-exploring this place.
 F = Levels seen in this place.
 G = Mean time per level.
                   A        B        C        D        E       F      G
               +--------+--------+--------+--------+--------+-----+--------+
         Total |   3044 |   2999 |     45 |    214 |   1615 |   4 |  761.0 |
       Dungeon |   3044 |   2999 |     45 |    214 |   1615 |   4 |  761.0 |
               +--------+--------+--------+--------+--------+-----+--------+

Top non-repeatable levels by time:
     D:3: 1001 daAuts
     D:2: 731 daAuts
     D:1: 672 daAuts
     D:4: 640 daAuts
